 Dungeon Crawl Stone Soup version 0.27-a0-899-ge2d0b17c59 (webtiles) character file.

Game seed: 15635203118111294948

219 mhtbhm the Covered (level 5, -11/33 HPs)
             Began as a Gargoyle Fighter on Apr 5, 2021.
             Killed by divine providence
             ... invoked by an orc priest
              (17 damage)
             ... on level 4 of the Dungeon.
             The game lasted 00:03:44 (3642 turns).

mhtbhm the Covered (Gargoyle Fighter)               Turns: 3642, Time: 00:03:46

Health: -11/33     AC: 12    Str: 20    XL:     5   Next: 96%
Magic:  5/5        EV:  5    Int:  9    God:
Gold:   68         SH: 14    Dex:  9    Spells: 4/4 levels left

rFire    . . .     SeeInvis .   a - +0 mace (protect)
rCold    . . .     Faith    +   c - +0 tower shield
rNeg     + . .     Spirit   .   b - +0 scale mail
rPois    ∞         Reflect  .   (no helmet)
rElec    +         Harm     .   (no cloak)
rCorr    .         Rampage  .   (no gloves)
Will     .....                  m - +0 pair of boots
Stlth    ..........             r - amulet of faith
HPRegen  0.11/turn              (no ring)
MPRegen  0.09/turn              (no ring)

@: no status effects
A: AC +4, negative energy resistance 1, electricity resistance, torment
resistance 1, unbreathing 1, petrification resistance
a: no special abilities


You were on level 4 of the Dungeon.
You visited 1 branch of the dungeon, and saw 4 of its levels.

You collected 178 gold pieces.
You spent 110 gold pieces at shops.

Inventory:

Hand Weapons
 a - a +0 mace of protection (weapon)
Missiles
 p - 6 poisoned darts (quivered)
Armour
 b - a +0 scale mail (worn)
 c - a +0 tower shield (worn)
 m - a +0 pair of boots (worn)
Jewellery
 r - an amulet of faith (around neck)
Scrolls
 f - a scroll of blinking {unknown}
 h - a scroll of fog {unknown}
 i - a scroll of identify
 j - a scroll of enchant weapon {unknown}
 k - a scroll of magic mapping {unknown}
 n - a scroll of amnesia {unknown}
 q - a scroll of noise {unknown}
Potions
 d - a potion of might
 l - a potion of resistance {unknown}
 o - a potion of mutation {unknown}


   Skills:
 + Level 3.8 Fighting
 + Level 3.7 Maces & Flails
 + Level 4.6 Armour
 + Level 1.0 Dodging
 + Level 0.3 Stealth
 + Level 4.2 Shields


You had 4 spell levels left.
You didn't know any spells.
Your spell library contained the following spells:

 Spells                   Type           Power      Damage    Failure   Level
 Magic Dart               Conj           0%         1d3       100%        1
 Blink                    Tloc           N/A        N/A       100%        2
 Call Imp                 Summ           0%         N/A       100%        2
 Slow                     Hex            0%         N/A       100%        2
 Confusing Touch          Hex            0%         N/A       100%        3
 Conjure Flame            Conj/Fire      0%         6-21      100%        3
 Gell's Gravitas          Tloc           0%         N/A       100%        3
 Mephitic Cloud           Conj/Pois/Air  0%         N/A       100%        3
 Petrify                  Tmut/Erth      0%         N/A       100%        4
 Metabolic Englaciation   Hex/Ice        0%         N/A       100%        5
 Yara's Violent Unravell  Hex/Tmut       0%         3d3       100%        5


Dungeon Overview and Level Annotations

Branches:
Dungeon (4/15)
 Temple: D:4-7

Altars:
Gozag
Yredelemnul
Zin

Shops:
D:2 (   D:3 *


Innate Abilities, Weirdness & Mutations

Your stone body is resilient. (AC +4)
You are immune to poison.
You resist negative energy. (rN+)
You are resistant to electric shocks. (rElec)
You are resistant to unholy torment.
You can survive without breathing.
You are immune to petrification.


Message History

You block the orc's attack.
You hit the orc.
You kill the orc!
You sock the orc!
You kill the orc!
You hit the orc.
The orc is moderately wounded.
The orc hits you but does no damage. x2
The orc priest calls down the wrath of Beogh upon you.
Beogh smites you!
You barely miss the orc.
The orc is moderately wounded.
The orc hits you but does no damage. You block the orc's attack.
You barely miss the orc.
The orc is lightly wounded.
The orc priest looks braver for a moment.
The orc hits you with a +0 whip.
You hit the orc.
Your weapon exudes an aura of protection.
You kill the orc!
You block the orc priest's attack.
You closely miss the orc priest.
The orc priest hits you but does no damage.
The orc priest mumbles some strange prayers to Beogh against you.
Beogh smites you!
* * * LOW HITPOINT WARNING * * *
You hit the orc priest.
The orc priest is heavily wounded.
You block the orc priest's attack.
You barely miss the orc priest.
The orc priest is heavily wounded.
The orc priest hits you but does no damage.
You block the orc priest's attack.
You closely miss the orc priest.
The orc priest is heavily wounded.
The orc priest hits you but does no damage.
The orc priest mumbles some strange prayers to Beogh against you.
Beogh smites you!
Ouch! That really hurt!
You die...

#.# #.# #.# #.#
#.# #.# #o# #@#
#.#
.#####.########
#.......<.......
.######.........
#......###
##.##.## #.# .#
#.# #


You could see an orc priest.

Vanquished Creatures
  A bullfrog skeleton (D:3)
  Ijyb (D:3)
  2 adders (D:2)
  4 gnolls (D:3)
  2 worms
  3 dart slugs
  7 orcs
  7 endoplasms
  3 giant cockroaches
  14 goblins
  6 hobgoblins
  7 jackals
  4 quokkas
  9 ball pythons
  5 bats
  2 frilled lizards
  5 kobolds
  6 rats
88 creatures vanquished.

Notes
Turn   | Place    | Note
-------+----------+-------------------------------------------
     0 | D:1      | mhtbhm the Gargoyle Fighter began the quest for the Orb.
     0 | D:1      | Reached XP level 1. HP: 14/14 MP: 1/1
    41 | D:1      | Reached XP level 2. HP: 9/19 MP: 2/2
   663 | D:1      | Reached XP level 3. HP: 23/23 MP: 3/3
  1512 | D:2      | Found Niah's Antique Weapon Shop.
  1633 | D:2      | Reached XP level 4. HP: 21/28 MP: 4/4
  1803 | D:2      | Found a faded altar of an unknown god.
  2448 | D:3      | Reached XP level 5. HP: 33/33 MP: 5/5
  2581 | D:3      | Found a basalt altar of Yredelemnul.
  2854 | D:3      | Found Zall's Assorted Antiques.
  2864 | D:3      | Bought a thin lapis lazuli amulet for 110 gold pieces
  2905 | D:3      | Found an opulent altar of Gozag.
  2975 | D:3      | Found a glowing silver altar of Zin.
  3193 | D:3      | Reached skill level 1 in Dodging
  3399 | D:3      | Noticed Ijyb
  3443 | D:3      | Killed Ijyb
  3642 | D:4      | Killed from afar by an orc priest

Illustrated notes

Levels and vault maps discovered:
D:1:      minmay_arrival_glassed_features, layout_loops_cross,
          serial_bayou_pond_d
D:2:      minmay_door_path, layout_basic, serial_shops, nicolae_shop_trees,
          basic_ecumenical_altar, serial_bayou_pond_e, minmay_split_cup_small
D:3:      kennysheep_the_goblin_king, layout_basic,
          pdpol_temple_overflow_zin_treasury_gozag_greed,
          lemuel_coloured_pillars_altar, serial_shops, shop,
          kennysheep_generic_room_3
D:4:      layout_loops_ring, amethyst_overflow_temple_binary,
          minmay_temple_entry_enclosed_plants, serial_shops, shop_coins

Skill      XL: |  1  2  3  4  5 |
---------------+----------------+-----
Maces & Flails | 3 |  3.7
Armour         | 4 |  4.6
Shields        | 4 |  4.2
Dodging        | 1 |  1.0
Fighting       | |  3.8
Stealth        | |  0.3

Action                   |  1- 3 |  4- 6 || total
-------------------------+-------+-------++-------
Melee: Flail             |   121 |   119 ||   240
       Mace              |       |    53 ||    53
Evoke: Wand              |       |     1 ||     1
  Use: Potion            |       |     2 ||     2
       Scroll            |       |     1 ||     1
Armor: Scale mail        |    95 |   123 ||   218
Dodge: Dodged            |    60 |    40 ||   100
Block: Kite shield       |    90 |    22 ||   112
       Tower shield      |       |   127 ||   127

Table legend: (Time is in decaauts)
 A = Elapsed time spent in this place.
 B = Non-inter-level travel time spent in this place.
 C = Inter-level travel time spent in this place.
 D = Time resting spent in this place.
 E = Time spent auto-exploring this place.
 F = Levels seen in this place.
 G = Mean time per level.
                   A        B        C        D        E       F      G
               +--------+--------+--------+--------+--------+-----+--------+
         Total |   3818 |   3759 |     59 |    359 |   2507 |   4 |  954.5 |
       Dungeon |   3818 |   3759 |     59 |    359 |   2507 |   4 |  954.5 |
               +--------+--------+--------+--------+--------+-----+--------+

Top non-repeatable levels by time:
     D:1: 1418 daAuts
     D:3: 1310 daAuts
     D:2: 1051 daAuts
     D:4: 38 daAuts
